Map: [ESL] Oceanborn

Players

Oliveira - Winner!

  • Race: Terran Terran
  • Spawn Location: 11:00

SCV

  • Race: Protoss Protoss
  • Spawn Location: 5:00

Event: ESL SC2 Masters 2024 Spring (Regional)

VOD

Have the link to the VOD?

Description

Time

  • Played on: April 21, 2024, 6:47 a.m.
  • Length: 10:59

All games in this series

Show
View Real Time Build Order
Export as new Build Order

Oliveira Terran - Winner!

Build Orders:  

Get SALT Encoding   

  12  0:00  SCV  
  13  0:12  SCV  
  14  0:17  Supply Depot  
  14  0:24  SCV  
  15  0:38  SCV  
  15  0:40  Barracks  
  16  0:44  Refinery  
  16  0:50  SCV  
  17  1:03  SCV  
  18  1:15  SCV  
  19  1:27  Orbital Command, Marine  
  20  1:37  Command Center  
  20  1:48  Factory  
  20  1:54  SCV  
  21  1:59  Refinery  
  21  2:05  Barracks Reactor  
  21  2:06  SCV  
  22  2:10  Supply Depot  
  22  2:18  SCV  
  23  2:32  SCV  
  23  2:33  Starport  
  26  2:37  Widow Mine  
  26  2:40  Marine  
  26  2:42  Marine  
  29  2:44  SCV  
  29  2:49  Orbital Command  
  29  2:56  SCV  
  30  2:58  Marine  
  30  2:59  Marine  
  30  3:01  Widow Mine  
  34  3:09  Medivac  
  34  3:10  SCV, Orbital Command  
  37  3:16  Supply Depot  
  37  3:18  Marine  
  37  3:19  Marine  
  39  3:23  Widow Mine  
  39  3:25  SCV  
  42  3:35  SCV  
  42  3:36  Marine  
  42  3:37  SCV, Marine  
  42  3:41  Supply Depot  
  46  3:42  Starport Tech Lab  
  46  3:47  Factory Tech Lab, Bunker  
  46  3:48  SCV  
  47  3:57  SCV  
  47  4:00  SCV  
  47  4:02  Interference Matrix, Raven  
  51  4:11  Command Center  
  51  4:13  SCV x2  
  53  4:24  Barracks  
  53  4:26  SCV x2  
  53  4:30  Barracks  
  53  4:31  Marine x2  
  56  4:35  Engineering Bay  
  56  4:38  SCV x2  
  59  4:44  Supply Depot  
  59  4:46  Refinery  
  59  4:50  SCV x2  
  61  4:57  Supply Depot  
  62  5:03  Terran Infantry Weapons Level 1  
  62  5:04  SCV  
  62  5:05  Barracks x2  
  62  5:06  SCV  
  63  5:12  Stimpack  
  63  5:16  SCV  
  63  5:21  Marine x2  
  64  5:22  Starport Reactor  
  64  5:23  SCV  
  64  5:24  Orbital Command  
  64  5:25  Factory Reactor  
  64  5:26  Marine  
  64  5:28  Combat Shield  
  68  5:30  Marine  
  68  5:31  SCV  
  68  5:34  Refinery  
  70  5:36  SCV  
  70  5:40  Marine x2  
  73  5:44  SCV  
  73  5:45  Marauder  
  73  5:48  SCV, Marauder  
  79  5:50  Supply Depot  
  79  5:53  Barracks Reactor  
  79  5:54  Barracks Tech Lab  
  79  5:55  Orbital Command  
  79  5:56  SCV  
  80  5:58  Marine x2  
  80  6:00  SCV  
  80  6:02  Supply Depot  
  83  6:05  Medivac x2  
  83  6:08  SCV  
  83  6:09  Marauder  
  90  6:12  SCV  
  90  6:13  Widow Mine x2  
  90  6:15  Marauder  
  90  6:16  Concussive Shells  
  99  6:18  Marauder  
  99  6:20  SCV  
  99  6:21  SCV  
  99  6:24  Supply Depot  
  101  6:25  Supply Depot  
  101  6:26  SCV  
  101  6:31  Supply Depot  
  101  6:32  SCV, Marine x2  
  105  6:35  Marine  
  106  6:40  Marauder  
  106  6:45  SCV, Medivac x2  
  106  6:46  SCV x2, Marauder  
  117  6:49  Supply Depot  
  117  6:51  Marine x2  
  119  6:54  Marine x2  
  119  6:55  Marauder  
  119  6:58  SCV  
  119  7:00  Widow Mine x2  
  119  7:01  SCV x2, Marine  
  130  7:03  Supply Depot  
  130  7:07  Marine  
  132  7:11  Marine  
  133  7:16  Marauder  
  133  7:17  Marine x2  
  133  7:19  Marauder  
  133  7:20  SCV  
  140  7:24  Command Center  
  140  7:26  Viking x2  
  144  7:30  Marauder  
  145  7:38  SCV, Marine x2, Marauder  
  145  7:41  Marauder  
  138  7:47  Marine x2  
  128  7:51  SCV x2  
  128  7:52  Marauder  
  128  7:53  Terran Infantry Armor Level 1, Refinery x2  
  128  7:55  Engineering Bay  
  128  7:56  Armory  
  130  7:59  Marauder, Viking x2  
  130  8:02  Marauder  
  134  8:07  Starport  
  134  8:09  Ghost Academy  
  134  8:10  Supply Depot  
  129  8:15  Marine  
  129  8:16  Marauder  
  129  8:18  Marine x2  
  124  8:20  Marine  
  124  8:23  Marine  
  123  8:31  Viking x2  
  123  8:33  Marine  
  128  8:34  SCV x3  
  128  8:35  Marine  
  128  8:38  Marine  
  136  8:41  Ghost  
  136  8:42  Ghost x2  
  136  8:43  Marine  
  136  8:44  Viking x2  
  136  8:47  SCV x2  
  144  8:49  SCV  
  144  8:53  Marine  
  144  8:54  Supply Depot  
  146  8:59  SCV x2, Marine x2  
  146  9:02  SCV  
  151  9:03  Viking  
  151  9:05  Supply Depot, Viking  
  151  9:08  Bunker  
  153  9:10  Marine  
  153  9:11  SCV  
  153  9:12  SCV  
  153  9:14  Marine, Marauder x3  
  153  9:16  Planetary Fortress  
  163  9:20  Marine  
  163  9:23  Marine  
  165  9:24  Viking  
  165  9:27  Viking  
  169  9:31  SCV x2, Missile Turret  
  169  9:34  Missile Turret  
  169  9:37  Viking  
  176  9:38  Marauder x2  
  176  9:42  Marauder, Marine  
  178  9:47  Marine x2  
  178  9:48  Viking  
  182  9:52  Supply Depot  
  182  9:57  Supply Depot  
  184  10:00  Marauder x2  
  184  10:02  Marine x2  
  184  10:06  Supply Depot  
  188  10:14  Liberator, Marauder, Marine x2  
  198  10:28  Marine  
  196  10:39  Marine x2  
  196  10:47  SCV  
Show
View Real Time Build Order
Export as new Build Order

SCV Protoss 

Build Orders: 1 Gate Expand, Phoenix Opening, Colossus Rush 

Get SALT Encoding   

  12  0:00  Probe  
  13  0:12  Probe  
  14  0:16  Pylon  
  14  0:24  Probe (Chrono Boost)  
  15  0:36  Probe (Chrono Boost), Gateway  
  16  0:44  Probe (Chrono Boost)  
  16  0:46  Assimilator  
  17  0:50  Probe  
  18  1:03  Probe  
  19  1:15  Probe  
  20  1:21  Nexus  
  20  1:30  Cybernetics Core  
  20  1:34  Probe  
  20  1:39  Assimilator  
  21  1:46  Probe  
  22  1:49  Pylon  
  21  1:58  Probe  
  22  2:04  Adept (Chrono Boost)  
  24  2:10  Probe  
  25  2:16  Stargate  
  26  2:23  Probe (Chrono Boost)  
  26  2:25  Warp Gate  
  26  2:27  Adept (Chrono Boost)  
  28  2:33  Probe (Chrono Boost)  
  30  2:40  Probe (Chrono Boost)  
  30  2:42  Probe (Chrono Boost)  
  31  2:44  Shield Battery  
  31  2:47  Probe (Chrono Boost)  
  31  2:48  Probe (Chrono Boost)  
  33  2:55  Stalker  
  35  2:59  Probe  
  35  3:00  Probe  
  37  3:10  Phoenix (Chrono Boost)  
  37  3:11  Probe  
  37  3:12  Probe  
  41  3:19  Gateway  
  41  3:23  Probe  
  41  3:24  Probe  
  41  3:25  Pylon  
  41  3:26  Phoenix (Chrono Boost)  
  45  3:35  Probe  
  45  3:38  Robotics Facility  
  46  3:43  Probe  
  46  3:45  Pylon  
  46  3:47  Probe  
  48  3:52  Phoenix (Chrono Boost)  
  50  3:55  Probe  
  50  3:58  Assimilator  
  50  3:59  Probe  
  52  4:03  Assimilator  
  52  4:08  Probe  
  53  4:10  Pylon  
  53  4:11  Probe  
  53  4:15  Phoenix  
  56  4:20  Probe  
  56  4:23  Pylon, Probe  
  58  4:26  Immortal (Chrono Boost)  
  62  4:32  Probe  
  62  4:35  Pylon  
  63  4:45  Robotics Bay  
  57  4:53  Phoenix  
  57  4:58  Nexus  
  59  5:03  Probe x2  
  61  5:14  Immortal (Chrono Boost)  
  61  5:15  Probe x2  
  61  5:18  Phoenix  
  69  5:27  Probe  
  69  5:28  Probe  
  71  5:29  Shield Battery  
  71  5:40  Probe x2  
  71  5:41  Colossus (Chrono Boost)  
  71  5:45  Sentry  
  71  5:46  Stalker  
  81  5:52  Probe x2  
  81  5:55  Phoenix  
  85  5:57  Pylon  
  85  6:02  Pylon  
  85  6:08  Extended Thermal Lance  
  85  6:09  Probe x2  
  85  6:10  Probe  
  88  6:15  Gateway  
  88  6:16  Gateway  
  88  6:18  Pylon  
  88  6:20  Forge  
  88  6:23  Colossus (Chrono Boost)  
  94  6:33  Zealot, Sentry  
  94  6:36  Gateway  
  94  6:38  Gateway  
  98  6:40  Probe x2  
  98  6:41  Probe  
  98  6:44  Pylon  
  101  7:00  Pylon  
  101  7:01  Protoss Ground Weapons Level 1  
  101  7:02  Phoenix  
  101  7:04  Probe  
  101  7:08  Pylon, Colossus (Chrono Boost)  
  104  7:11  Zealot x2  
  104  7:12  Zealot x2  
  104  7:15  Pylon  
  116  7:25  Pylon  
  116  7:26  Phoenix (Chrono Boost)  
  117  7:33  Pylon  
  117  7:34  Pylon, Twilight Council  
  117  7:36  Pylon  
  117  7:40  Zealot x6  
  121  7:49  Probe  
  114  7:51  Colossus (Chrono Boost)  
  114  7:54  Probe x2  
  114  7:56  Assimilator  
  122  7:59  Assimilator  
  122  8:01  Probe  
  123  8:06  Pylon, Probe  
  123  8:12  Charge (Chrono Boost)  
  116  8:19  Templar Archives  
  108  8:24  Zealot x6  
  116  8:27  Gateway  
  116  8:29  Gateway  
  116  8:30  Pylon  
  116  8:35  Warp Prism (Chrono Boost)  
  118  8:41  Nexus  
  118  8:44  Pylon  
  118  8:53  Zealot x4  
  126  8:56  Pylon  
  126  8:59  High Templar x2  
  130  9:05  Archon  
  128  9:12  Pylon  
  128  9:13  Probe x3  
  128  9:16  High Templar x2  
  135  9:19  High Templar x2  
  135  9:22  Archon  
  135  9:23  Archon  
  139  9:27  Probe x3  
  142  9:33  Zealot  
  144  9:39  Probe x3  
  144  9:44  Disruptor (Chrono Boost)  
  147  9:49  Zealot x5  
  161  9:57  Pylon  
  161  9:58  Probe x2  
  161  9:59  Probe x2  
  165  10:01  Shield Battery  
  165  10:05  Photon Cannon  
  165  10:08  Nexus  
  165  10:10  Probe x2  
  167  10:18  Disruptor (Chrono Boost)  
  165  10:24  Pylon  
  166  10:30  Zealot x8  
  124  10:51  Stalker x5  
Tags
 
Add a new tag
Caveats
  • Supply blocks, unpowered buildings, or Contaminate may cause inaccurate times.
  • Supply counts are checked every 10 seconds.